 Dungeon Crawl Stone Soup version 0.30.1-3-gfc49f6343a (webtiles) character file.

Game seed: 16015730626783351187

52282 DemonSlayer the Thaumaturge (level 14, 0/97 (100) HPs)
             Began as a Demonspawn Earth Elementalist on July 19, 2023.
             Was a High Priest of Dithmenos.
             Slain by a caustic shrike zombie (11 damage)
             ... on level 15 of the Dungeon.
             The game lasted 00:35:24 (18325 turns).

DemonSlayer the Thaumaturge (DsEE)                 Turns: 18325, Time: 00:35:25

HP:   0/97 (100)    AC: 14    Str:  8    XL:     14   Next: 26%
MP:   23/28         EV: 14    Int: 19    God:    Dithmenos [*****.]
Gold: 1023          SH:  9    Dex: 17    Spells: 13/33 levels left

rFire   . . .        u - +8 rapier (drain)
rCold   . . .        v - orb {*Rage}
rNeg    . . .        m - +0 troll leather armour
rPois   .            (helmet unavailable)
rElec   .            D - scarf {repulsion}
rCorr   .            t - +1 pair of gloves {Stlth+}
SInv    .            (no boots)
Will    +++..        C - amulet of reflection
Stlth   ++++++++     d - ring of willpower
HPRegen 1.16/turn    J - ring of willpower
MPRegen 0.21/turn

%: random rage (20%), repel missiles, reflection
@: mighty, on berserk cooldown, slowed, wreathed by umbra, lightly drained, very
slow
A: horns 3, thin metallic scales 2, icemail 1, powered by pain 2, condensation
shield
a: Renounce Religion, Shadow Step, Shadow Form


You were on level 15 of the Dungeon.
You worshipped Dithmenos.
Dithmenos was extremely pleased with you.
You visited 1 branch of the dungeon, and saw 15 of its levels.

You collected 1023 gold pieces.

Inventory:

Hand Weapons
 u - a +8 rapier of draining (weapon)
Missiles
 h - 4 silver javelins
 y - 2 curare-tipped darts
 H - a throwing net
Armour
 m - a +0 troll leather armour (worn)
 t - a +1 pair of gloves of stealth (worn)
 v - an orb of wrath (worn)
 D - a scarf of repulsion (worn)
Jewellery
 d - a ring of willpower (left hand)
 C - an amulet of reflection (around neck)
 J - a ring of willpower (right hand)
Wands
 e - a wand of roots (10)
 f - a wand of flame (18)
 E - a wand of mindburst (6)
 I - a wand of charming (19)
Scrolls
 i - 3 scrolls of teleportation
 j - 2 scrolls of blinking
 p - 5 scrolls of summoning
 q - 2 scrolls of silence
 x - 2 scrolls of poison
 A - a scroll of immolation
 B - 2 scrolls of amnesia
Potions
 a - a potion of haste {unknown}
 b - 4 potions of attraction
 c - 3 potions of heal wounds
 g - 3 potions of mutation {unknown}
 k - 4 potions of curing
 l - 2 potions of cancellation {unknown}
 n - 3 potions of lignification
 o - 3 potions of might
 r - a potion of brilliance
 s - 4 potions of berserk rage
 w - 3 potions of magic
 z - 4 potions of flight
 F - 3 potions of resistance {unknown}
Miscellaneous
 L - a phial of floods


   Skills:
 + Level 6.2 Fighting
 + Level 8.3 Short Blades
 + Level 2.6 Throwing
 + Level 6.0 Armour
 + Level 6.0 Dodging
 + Level 7.9 Stealth
 + Level 6.0 Shields
 + Level 10.3 Spellcasting
 + Level 8.5 Conjurations
 + Level 0.8 Transmutations
 + Level 10.0 Earth Magic
 + Level 0.8 Evocations


You had 13 spell levels left.
You knew the following spells:

 Your Spells              Type           Power      Damage    Failure   Level
a - Sandblast             Erth           94%        2d19      1%          1
b - Passwall              Tmut/Erth      25%        N/A       1%          2
c - Stone Arrow           Conj/Erth      88%        3d12      1%          3
d - Petrify               Tmut/Erth      30%        N/A       11%         4
e - Blink                 Tloc           18%        N/A       16%         2
f - Cause Fear            Hex            4%         N/A       69%         4
g - Dispel Undead         Necr           9%         3d8       69%         4

Your spell library contained the following spells:

 Spells                   Type           Power      Damage    Failure   Level
 Foxfire                  Conj/Fire      100%       2x1d9     1%          1
 Kiss of Death            Conj/Necr      100%       2d13      1%          1
 Momentum Strike          Conj/Tloc      50%        3d9       2%          2
 Sting                    Tmut/Pois      44%        1d5       9%          1
 Slow                     Hex            36%        N/A       10%         1
 Wereblood                Tmut           13%        N/A       11%         2
 Lesser Beckoning         Tloc           18%        N/A       16%         2
 Poisonous Vapours        Pois/Air       18%        N/A       16%         2
 Sublimation of Blood     Necr           9%         N/A       16%         2
 Confusing Touch          Hex            9%         N/A       30%         3
 Ozocubu's Armour         Ice            9%         N/A       30%         3
 Tukima's Dance           Hex            9%         N/A       30%         3
 Vampiric Draining        Necr           9%         2d6       30%         3
 Fireball                 Conj/Fire      12%        3d7       43%         5
 Anguish                  Hex/Necr       4%         N/A       69%         4
 Manifold Assault         Tloc           9%         N/A       69%         4
 Olgreb's Toxic Radiance  Pois           9%         N/A       69%         4
 Passage of Golubria      Tloc           9%         N/A       69%         4
 Yara's Violent Unravell  Hex/Tmut       5%         3d4       92%         5
 Starburst                Conj/Fire      12%        6d5       95%         6
 Plasma Beam              Fire/Air       4%         2x1d16    100%        6
 Enfeeble                 Hex            4%         N/A       100%        7
 Ozocubu's Refrigeration  Ice            4%         4d8       100%        7
 Storm Form               Tmut/Air       5%         N/A       100%        7
 Summon Hydra             Summ           4%         N/A       100%        7


Dungeon Overview and Level Annotations

Branches:
Dungeon (15/15)            Temple (0/1) D:6            Lair (0/5) D:11
    Orc (0/2) D:11         Vaults (0/5) D:14         Depths (0/4) D:15

Altars:
Cheibriados
Dithmenos
Fedhas
Gozag
Kikubaaqudgha
Makhleb
Okawaru
Ru
Sif Muna
Uskayaw
Wu Jian
Xom
Yredelemnul

Shops:
D:4 ?   D:8 =


Innate Abilities, Weirdness & Mutations

You have a pair of large horns on your head.
You are mostly covered in thin metallic scales. (AC +3)
A meltable icy envelope protects you from harm. (AC +4)
You sometimes gain power by taking damage.
A meltable shield of frost defends you. (SH +4)


Message History

The caustic shrike zombie is heavily damaged.
The caustic shrike zombie closely misses you.
You block the caustic shrike zombie's attack.
Unknown command.
You puncture the caustic shrike zombie!
The caustic shrike zombie is heavily damaged.
You block the caustic shrike zombie's attack.
The caustic shrike zombie misses you.
Unknown command.
The stone arrow hits the caustic shrike zombie!!
The caustic shrike zombie is severely damaged.
The caustic shrike zombie claws you! x2; You focus on the pain.
You feel your power returning. The caustic shrike zombie claws you.
The stone arrow hits the caustic shrike zombie!
The caustic shrike zombie is severely damaged.
The caustic shrike zombie claws you.
The caustic shrike zombie claws you but does no damage.
The stone arrow hits the caustic shrike zombie!
The caustic shrike zombie is almost destroyed.
The caustic shrike zombie claws you!
You block the caustic shrike zombie's attack.
The caustic shrike zombie claws you but does no damage.
You are too injured to fight recklessly!
You are too injured to fight recklessly!
You are too injured to fight recklessly!
You are too injured to fight recklessly!
You are too injured to fight recklessly!
You barely miss the caustic shrike zombie.
The caustic shrike zombie is almost destroyed.
Your shadow hits the caustic shrike zombie but does no damage.
You block the caustic shrike zombie's attack.
The caustic shrike zombie claws you!
You miss the caustic shrike zombie.
The caustic shrike zombie is almost destroyed.
The caustic shrike zombie claws you!!
* * * LOW HITPOINT WARNING * * *
You focus on the pain.
You feel very mighty all of a sudden. The caustic shrike zombie claws you!
You die...

#.............
#...............
#................
##.......8...>....8
...............88...
..............8.....
............8.....8P
#......PZ..8....P..
##......@......8...#
...................#
....................
##......##..........
#....[.##...##.....
#......##..<##....#
#......)..........#
#......)..........#
#.........).......#


You could see a caustic shrike zombie.

Vanquished Creatures
  Kirke (D:12)
  3 hydras
  A catoblepas (D:13)
  5 centaur warriors
  2 two-headed ogres
  A vampire mage (D:15)
  A tengu warrior (D:14)
  A boulder beetle (D:13)
  A storm dragon zombie (D:15)
  A steelbarb worm (shapeshifter) (D:14)
  2 wizards (D:14)
  A harpy (shapeshifter) (D:14)
  14 ugly things
  A necromancer (D:15)
  3 deep elf pyromancers
  A sphinx zombie (D:15)
  3 manticores
  Maurice (D:13)
  3 gargoyles
  A freezing wraith (D:14)
  2 yaktaurs (D:15)
  A tengu conjurer (D:14)
  A wind drake (shapeshifter) (D:14)
  4 trolls
  Grinder (D:3)
  2 shadows (D:11)
  10 slime creatures
  A water elemental (D:11)
  8 yaks (D:11)
  2 hogs (D:12)
  2 basilisks
  A wraith (D:11)
  2 wyverns (D:9)
  Eustachio (D:5)
  Menkaure (D:5)
  4 vampire mosquitoes
  3 acid dragons
  A water moccasin (D:8)
  2 hornet zombies (D:7)
  An orc warrior (D:9)
  3 black bears
  An ogre (D:4)
  A wolf (D:11)
  14 centaurs
  An ice beast (D:6)
  A phantom (D:5)
  3 kobold brigands
  3 bullfrogs
  2 gnoll sergeants
  A wyvern zombie (D:7)
  3 scorpions
  14 wights
  A killer bee (D:11)
  3 howler monkeys
  A vampire bat (D:14)
  An electric eel (D:11)
  A centaur zombie (D:7)
  9 orc priests
  A bullfrog zombie (D:7)
  10 hounds
  An iron imp (D:9)
  2 sleepcaps
  5 iguanas
  7 orc wizards
  6 killer bee zombies (D:7)
  2 howler monkey zombies (D:7)
  7 adders
  13 gnolls
  A shadow imp (D:6)
  An ufetubus (D:5)
  A worm (D:3)
  2 dart slugs
  28 orcs
  7 endoplasms
  5 giant cockroaches
  4 hobgoblins
  14 kobolds
  4 quokkas
  4 ball pythons (D:2)
  13 bats
  6 frilled lizards
  2 goblins (D:4)
  3 rats
309 creatures vanquished.

Vanquished Creatures (collateral kills)
  A spriggan zombie (D:15)
  A catoblepas (D:15)
  A tengu warrior (D:15)
  A skeletal warrior (D:15)
  2 ugly things (D:15)
  A tengu conjurer (D:15)
  3 slime creatures (D:15)
10 creatures vanquished.

Vanquished Creatures (others)
  Erica (D:8)
  A human (D:9)
  A wolf (D:11)
3 creatures vanquished.

Grand Total: 322 creatures vanquished

Notes
Turn   | Place    | Note
-------+----------+-------------------------------------------
     0 | D:1      | DemonSlayer the Demonspawn Earth Elementalist began the
                  | quest for the Orb.
     0 | D:1      | Reached XP level 1. HP: 13/13 MP: 3/3
   357 | D:1      | Gained mutation: You are partially covered in thin metallic
                  | scales. (AC +2) [demonic ancestry]
   357 | D:1      | Reached XP level 2. HP: 18/19 MP: 5/5
   573 | D:1      | Learned a level 2 spell: Passwall
   840 | D:2      | Gained mutation: A meltable shield of frost defends you.
                  | (SH +4) [demonic ancestry]
   840 | D:2      | Reached XP level 3. HP: 24/24 MP: 4/6
  1598 | D:2      | Learned a level 3 spell: Stone Arrow
  1842 | D:3      | Gained mutation: You sometimes gain a little power by
                  | taking damage. [demonic ancestry]
  1842 | D:3      | Reached XP level 4. HP: 30/30 MP: 4/7
  2163 | D:3      | Noticed Grinder
  2183 | D:3      | Killed Grinder
  2184 | D:3      | Reached skill level 1 in Short Blades
  2184 | D:3      | Gained mutation: You have a pair of small horns on your
                  | head. [demonic ancestry]
  2184 | D:3      | Reached XP level 5. HP: 20/36 MP: 0/10
  2235 | D:3      | Gained mutation: You have a pair of horns on your head.
                  | [demonic ancestry]
  2235 | D:3      | Reached XP level 6. HP: 39/42 MP: 4/11
  2291 | D:3      | Found a shimmering blue altar of Sif Muna.
  2291 | D:3      | Found a hide-covered altar of Uskayaw.
  2291 | D:3      | Found an iron altar of Okawaru.
  2291 | D:3      | Found an opulent altar of Gozag.
  2297 | D:3      | Found a shadowy altar of Dithmenos.
  2297 | D:3      | Found a sacrificial altar of Ru.
  2306 | D:3      | Became a worshipper of Dithmenos the Shadowed
  2357 | D:3      | Found a basalt altar of Yredelemnul.
  2510 | D:3      | Found a shimmering altar of Xom.
  2512 | D:3      | Found an ornate altar of the Wu Jian Council.
  2512 | D:3      | Found a blossoming altar of Fedhas.
  2649 | D:3      | Learned a level 4 spell: Petrify
  3070 | D:4      | Found The Oracle's Delphic Readings.
  3580 | D:4      | Gained mutation: You sometimes gain power by taking damage.
                  | [demonic ancestry]
  3580 | D:4      | Reached XP level 7. HP: 22/47 MP: 10/13
  3903 | D:4      | Learned a level 2 spell: Blink
  3919 | D:5      | Entered Level 5 of the Dungeon
  3934 | D:5      | Reached skill level 1 in Fighting
  3957 | D:5      | Reached skill level 5 in Earth Magic
  4107 | D:5      | Reached skill level 5 in Spellcasting
  4307 | D:5      | Reached skill level 1 in Conjurations
  4359 | D:5      | Noticed Menkaure
  4363 | D:5      | Killed Menkaure
  4364 | D:5      | Reached skill level 1 in Shields
  4364 | D:5      | Reached XP level 8. HP: 29/54 MP: 11/16
  4578 | D:5      | Noticed Eustachio
  4865 | D:5      | Killed Eustachio
  5773 | D:6      | Found a staircase to the Ecumenical Temple.
  5801 | D:6      | Reached * piety under Dithmenos
  6315 | D:6      | Identified the +4 ring mail "Reapt" {rC+ Str+2 Int-4
                  | Stlth+}
  7019 | D:7      | Gained mutation: You have a pair of large horns on your
                  | head. [demonic ancestry]
  7019 | D:7      | Reached XP level 9. HP: 61/61 MP: 7/17
  7435 | D:7      | Reached skill level 1 in Armour
  7714 | D:7      | Reached ** piety under Dithmenos
  8866 | D:7      | Learned a level 4 spell: Cause Fear
  9047 | D:8      | Found Tefemoab's Jewellery Emporium.
  9647 | D:8      | Noticed Erica
  9652 | D:8      | Killed Erica
  9653 | D:8      | Gained mutation: A meltable icy envelope protects you from
                  | harm. (AC +4) [demonic ancestry]
  9653 | D:8      | Reached XP level 10. HP: 70/70 MP: 3/20
  9876 | D:8      | Learned a level 4 spell: Dispel Undead
 10258 | D:9      | Noticed a two-headed ogre
 10267 | D:9      | Killed a two-headed ogre
 10268 | D:9      | Reached skill level 5 in Stealth
 10408 | D:9      | Reached *** piety under Dithmenos
 10443 | D:9      | Reached skill level 5 in Short Blades
 10745 | D:9      | Found a burning altar of Makhleb.
 10913 | D:9      | Found an ancient bone altar of Kikubaaqudgha.
 11023 | D:9      | Identified the +2 leather armour of the Raven {Harm}
 11060 | D:9      | Found a snail-covered altar of Cheibriados.
 11117 | D:10     | Entered Level 10 of the Dungeon
 11194 | D:10     | Noticed a two-headed ogre
 11201 | D:10     | Killed a two-headed ogre
 11893 | D:11     | Reached skill level 5 in Conjurations
 12018 | D:11     | Reached XP level 11. HP: 75/75 MP: 1/22
 12045 | D:11     | Reached **** piety under Dithmenos
 12069 | D:11     | You fall into a shaft and drop 2 floors!
 12144 | D:13     | Noticed an eight-headed hydra
 12147 | D:13     | Noticed Maurice
 12151 | D:13     | Killed an eight-headed hydra
 12160 | D:13     | Killed Maurice
 12186 | D:13     | Noticed a centaur warrior
 12194 | D:13     | Killed a centaur warrior
 12199 | D:13     | Noticed a red ugly thing
 12211 | D:13     | Noticed a four-headed hydra
 12219 | D:13     | Noticed a centaur warrior
 12223 | D:13     | Killed a four-headed hydra
 12226 | D:13     | Killed a centaur warrior
 12264 | D:13     | Reached skill level 5 in Armour
 12314 | D:13     | Killed a red ugly thing
 12314 | D:13     | Noticed a centaur warrior
 12329 | D:13     | Killed a centaur warrior
 12448 | D:13     | Noticed a catoblepas
 12461 | D:13     | Killed a catoblepas
 12503 | D:13     | Noticed a cyan ugly thing
 12509 | D:13     | Killed a cyan ugly thing
 12641 | D:13     | Noticed a boulder beetle
 12651 | D:13     | Killed a boulder beetle
 12794 | D:13     | Noticed a deep elf pyromancer
 12797 | D:13     | Killed a deep elf pyromancer
 12845 | D:13     | Noticed a deep elf pyromancer
 12849 | D:13     | Killed a deep elf pyromancer
 12889 | D:13     | Gained mutation: You are mostly covered in thin metallic
                  | scales. (AC +3) [demonic ancestry]
 12889 | D:13     | Reached XP level 12. HP: 84/84 MP: 11/24
 13628 | D:12     | Noticed Kirke
 13654 | D:12     | Noticed a sphinx
 13663 | D:12     | Killed Kirke
 14094 | D:12     | Reached skill level 1 in Throwing
 14543 | D:12     | Reached skill level 5 in Fighting
 14543 | D:12     | Reached skill level 5 in Dodging
 14543 | D:12     | Reached skill level 5 in Shields
 14543 | D:12     | Reached XP level 13. HP: 92/92 MP: 24/26
 14582 | D:11     | Found a staircase to the Lair.
 15288 | D:11     | Found a staircase to the Orcish Mines.
 16420 | D:14     | Found a gate to the Vaults.
 16423 | D:14     | Reached ***** piety under Dithmenos
 17336 | D:14     | You fall into a shaft and drop 1 floor!
 17336 | D:15     | Entered Level 15 of the Dungeon
 17401 | D:15     | Reached skill level 10 in Spellcasting
 17455 | D:15     | Reached XP level 14. HP: 61/99 MP: 18/28
 18276 | D:15     | Found a staircase to the Depths.
 18312 | D:15     | Reached skill level 10 in Earth Magic
 18325 | D:15     | Slain by a caustic shrike zombie

Illustrated notes

Levels and vault maps discovered:
D:1:      nicolae_arrival_washed_ashore, layout_basic, serial_glass,
          glass_columns_b, glass_columns_c
D:2:      layout_basic, st_stairs_9, minmay_hexomino_f4
D:3:      layout_rooms, minmay_overflow_temple_hex, grunt_temple_overflow_open,
          serial_rivers, chequers_serial_rivers_small_3,
          chequers_serial_rivers_room_b, chequers_serial_rivers_small_3,
          chequers_serial_rivers_micro_a, chequers_serial_rivers_room_b,
          minmay_cut_off, uniq_grinder
D:4:      layout_loops_cross, nicolae_nh_oracle_at_delphi
D:5:      layout_basic, nicolae_titane, uniq_menkaure, uniq_eustachio
D:6:      layout_loops_ring, minmay_temple_entry_grid
D:7:      layout_loops_ring, serial_undead, serial_undead_a, serial_undead_d,
          serial_undead_e, serial_undead_d, serial_undead_d, serial_undead_a,
          serial_undead_e, serial_undead_a
D:8:      layout_loops_ring, serial_shops, shop, uniq_erica
D:9:      layout_roguey, gammafunk_temple_overflow_pools, slow_altar_2,
          tgw_kikubaaqudgha
D:10:     layout_loops_ring
D:11:     layout_gridville, erik_lair_island, orc_0_dummy, serial_bayou_pond_b
D:12:     layout_loops_corners, feat_on_display, uniq_kirke
D:13:     layout_basic, eino_small_chamber_without_monster,
          kennysheep_generic_room_15, uniq_maurice
D:14:     layout_grid_maze, david_vaults_2, hex_tiny, roderic_batcave
D:15:     gammafunk_depths_entry_grave, layout_gridville, chequers_jeans

Skill      XL: |  1  2  3  4  5  6  7  8  9 10 11 12 13 14 |
---------------+-------------------------------------------+-----
Stealth        | 2 3 4 5 6 7 |  7.9
Earth Magic    | 3 4 5 6 7 8 9 10 | 10.0
Dodging        | 2 3 4 5 6 |  6.0
Short Blades   | 1 2 3 4 5 7 8 |  8.3
Spellcasting   | 3 4 5 6 7 8 9 10 | 10.3
Fighting       | 1 3 4 5 6 |  6.2
Conjurations   | 1 2 4 5 6 7 8 |  8.5
Shields        | 1 2 3 4 5 6 |  6.0
Armour         | 3 4 5 6 |  6.0
Throwing       | 2 |  2.6
Transmutations | |  0.8
Evocations     | |  0.8

Action                     |  1- 3 |  4- 6 |  7- 9 | 10-12 | 13-15 || total
---------------------------+-------+-------+-------+-------+-------++-------
  Melee: Mace              |     8 |       |       |       |       ||     8
         Rapier            |    27 |    18 |   188 |   133 |   170 ||   536
         Dagger            |     3 |       |       |       |       ||     3
         Headbutt          |       |       |    34 |    27 |    39 ||   100
         Punch             |       |       |     2 |       |       ||     2
  Throw: Javelin           |       |       |       |     9 |       ||     9
         Dart              |       |       |       |     2 |       ||     2
         Throwing net      |       |       |       |     1 |       ||     1
   Cast: Sandblast         |    36 |    61 |     7 |       |       ||   104
         Stone Arrow       |       |     3 |   104 |   103 |   105 ||   315
  Evoke: Wand              |       |       |       |     1 |     3 ||     4
         Phial of floods   |       |       |       |       |     1 ||     1
    Use: Potion            |     1 |       |       |     1 |       ||     2
         Scroll            |       |     8 |     7 |    12 |     4 ||    31
   Stab: Sleeping          |    11 |     2 |    10 |    14 |     7 ||    44
         Distracted        |       |       |       |     1 |       ||     1
 Armour: Robe              |    14 |    20 |    19 |       |       ||    53
         Ring mail         |       |       |    55 |    33 |       ||    88
         Troll leather arm |       |       |       |    42 |    51 ||    93
  Dodge: Dodged            |    47 |    49 |   156 |   149 |   104 ||   505
         Repelled          |       |       |       |     2 |     2 ||     4
  Block: Other             |     5 |    14 |    14 |       |       ||    33
         Orb               |       |       |    45 |    79 |    63 ||   187
         Reflection        |       |       |     1 |     9 |     5 ||    15
